 Dungeon Crawl Stone Soup version 0.30-a0-867-g305f33218d (webtiles) character file.

Game seed: 767215864720253193

727 Dittersdorf the Trooper (level 7, -3/44 HPs)
             Began as a Gargoyle Fighter on Mar 10, 2023.
             Was an Initiate of Okawaru.
             Slain by a black bear (7 damage)
             ... on level 5 of the Dungeon.
             The game lasted 00:06:22 (4664 turns).

Dittersdorf the Trooper (Gargoyle Fighter)          Turns: 4664, Time: 00:06:22

Health: -3/44      AC: 14    Str: 22    XL:     7   Next: 72%
Magic:  16/16      EV:  7    Int: 14    God:    Okawaru [......]
Gold:   232        SH:  5    Dex:  9    Spells: 6/6 levels left

rFire   . . .      SeeInvis .    a - +0 flail
rCold   . . .      Faith    .    c - +0 buckler
rNeg    + . .      Spirit   .    s - +0 chain mail
rPois   ∞          Reflect  .    (no helmet)
rElec   +          Rampage  .    (no cloak)
rCorr   .                        (no gloves)
Will    .....                    (no boots) Stlth
                                 (no amulet)
HPRegen 0.27/turn                m - ring of magical power
MPRegen 0.15/turn                e - +6 ring of intelligence

@: no status effects
A: sickness immunity, AC +4, negative energy resistance 1, electricity
resistance, torment resistance 1, petrification resistance
a: Renounce Religion


You were on level 5 of the Dungeon.
You worshipped Okawaru.
Okawaru was noncommittal.
You visited 2 branches of the dungeon, and saw 6 of its levels.

You collected 232 gold pieces.

Inventory:

Hand Weapons
 a - a +0 flail (weapon)
Armour
 c - a +0 buckler (worn)
 s - a +0 chain mail (worn)
 t - a +0 plate armour
Jewellery
 b - a ring of flight
 e - a +6 ring of intelligence (right hand)
 m - a ring of magical power (left hand)
Scrolls
 g - 2 scrolls of vulnerability {unknown}
 h - 2 scrolls of enchant weapon {unknown}
 i - a scroll of noise {unknown}
 j - 6 scrolls of identify {unknown}
 k - a scroll of blinking {unknown}
 l - a scroll of butterflies {unknown}
 n - a scroll of enchant armour {unknown}
 o - a scroll of teleportation {unknown}
 q - a scroll of fog {unknown}
 u - a scroll of fear {unknown}
Potions
 d - 4 potions of might
 f - 3 potions of mutation {unknown}
 p - a potion of cancellation {unknown}
 r - a potion of curing {unknown}


   Skills:
 + Level 5.6 Fighting
 + Level 4.4 Maces & Flails
 + Level 5.5 Armour
 + Level 5.6 Shields


You had 6 spell levels left.
You didn't know any spells.
Your spell library contained the following spells:

 Spells                   Type           Power      Damage    Failure   Level
 Scorch                   Fire           0%         2d5       99%         2
 Dispel Undead            Necr           0%         3d6       100%        4
 Flame Wave               Conj/Fire      0%         2d4       100%        4
 Cigotuvi's Dreadful Rot  Necr/Pois/Air  Unusable   N/A       N/A         2
 Death Channel            Necr           Unusable   N/A       N/A         6
 Summon Cactus Giant      Summ           Unusable   N/A       N/A         6

Dungeon Overview and Level Annotations

Branches:
Dungeon (5/15)             Temple (1/1) D:4

Altars:
Ashenzari
Hepliaklqana
Kikubaaqudgha
Makhleb
Nemelex Xobeh
Okawaru
Ru
Sif Muna
Trog
Uskayaw
Vehumet
Xom
Yredelemnul
Zin
The Shining One

Shops:
D:3 (   D:4 (**


Innate Abilities, Weirdness & Mutations

You are immune to sickness and miasma.
Your stone body is resilient. (AC +4)
You are immune to poison.
You resist negative energy. (rN+)
You are resistant to electric shocks. (rElec)
You are resistant to unholy torment.
You are immune to petrification.


Message History

The black bear is almost dead.
The black bear bites you but does no damage.
The black bear claws you but does no damage. x2
The black bear bites you! The black bear claws you. x2
* * * LOW HITPOINT WARNING * * *
You are too injured to fight recklessly!
You are too injured to fight recklessly!
You are too injured to fight recklessly!
You are too injured to fight recklessly!
You are too injured to fight recklessly!
You are too injured to fight recklessly!
You are too injured to fight recklessly!
You are too injured to fight recklessly!
You are too injured to fight recklessly!
You are too injured to fight recklessly!
You are too injured to fight recklessly!
You are too injured to fight recklessly!
You are too injured to fight recklessly!
You are too injured to fight recklessly!
You are too injured to fight recklessly!
You closely miss the black bear.
The black bear is almost dead.
The black bear bites you.
* * * LOW HITPOINT WARNING * * *
The black bear completely misses you. You block the black bear's attack.
You hit the black bear but do no damage.
The black bear is almost dead.
The black bear bites you.
* * * LOW HITPOINT WARNING * * *
The black bear claws you but does no damage. x2
The black bear bites you.
* * * LOW HITPOINT WARNING * * *
You block the black bear's attack.
The black bear claws you but does no damage.
You hit the black bear.
The black bear is almost dead.
You block the black bear's attack.
The black bear claws you but does no damage. x2
The black bear bites you!
You die...

######## #####
.......# #...#
######.# #.#.#
......)# #.#.#
#############.#.#
#.........#.#######
#.#########.@h....#
#.# ### #.######.#
#.# #.# #. #.####.#
#. #......# #.
######.# #.
##########.# ##
....(......#
############


You could see a black bear (berserk).

Vanquished Creatures
  Grinder (D:3)
  Sigmund (D:3)
  An orc warrior (D:5)
  A crimson imp (D:3)
  A hound (D:4)
  2 orc wizards
  8 adders
  A worm (D:3)
  2 dart slugs
  8 orcs
  7 endoplasms
  2 giant cockroaches
  7 goblins
  6 hobgoblins
  5 jackals
  8 kobolds
  4 quokkas
  11 ball pythons
  4 bats
  2 frilled lizards
  5 rats
87 creatures vanquished.

Notes
Turn   | Place    | Note
-------+----------+-------------------------------------------
     0 | D:1      | Dittersdorf the Gargoyle Fighter began the quest for the
                  | Orb.
     0 | D:1      | Reached XP level 1. HP: 14/14 MP: 1/1
   162 | D:1      | Found a faded altar of an unknown god.
   213 | D:1      | Reached XP level 2. HP: 14/19 MP: 2/2
   983 | D:2      | Reached XP level 3. HP: 21/24 MP: 3/3
  1702 | D:3      | Found a glowing silver altar of Zin.
  1702 | D:3      | Found a sparkling altar of Nemelex Xobeh.
  1714 | D:3      | Found a radiant altar of Vehumet.
  1714 | D:3      | Found a glowing golden altar of the Shining One.
  1758 | D:3      | Found a shimmering altar of Xom.
  1759 | D:3      | Found a burning altar of Makhleb.
  1767 | D:3      | Paralysed by a crimson imp for 4 turns
  1806 | D:3      | Reached XP level 4. HP: 10/29 MP: 4/4
  1942 | D:3      | Found the Hermit's Pendant {Faith Invo=14 Evo=0 MP+5}
  2038 | D:3      | Reached XP level 5. HP: 28/33 MP: 5/5
  2063 | D:3      | Noticed Sigmund
  2109 | D:3      | Killed Sigmund
  2110 | D:3      | Reached XP level 6. HP: 12/39 MP: 6/6
  2433 | D:3      | Found Zuos's Weapon Shop.
  2694 | D:3      | Noticed Grinder
  2695 | D:3      | Paralysed by Grinder for 2 turns
  2703 | D:3      | Paralysed by Grinder for 3 turns
  2710 | D:3      | Killed Grinder
  2711 | D:3      | Reached skill level 5 in Fighting
  2711 | D:3      | Reached skill level 5 in Armour
  2711 | D:3      | Reached skill level 5 in Shields
  2711 | D:3      | Reached XP level 7. HP: 44/44 MP: 7/7
  2904 | D:4      | Found Udiyhajy's General Store.
  2944 | D:4      | Found Xyscheh's Antique Weapon Shoppe.
  2957 | D:4      | Found a staircase to the Ecumenical Temple.
  2968 | Temple   | Entered the Ecumenical Temple
  3033 | Temple   | Became a worshipper of Warmaster Okawaru
  3384 | D:4      | Found Urimnun's General Store.
  4235 | D:5      | Entered Level 5 of the Dungeon
  4664 | D:5      | Slain by a black bear

Illustrated notes

Levels and vault maps discovered:
D:1:      wander_arrival_lonely_grave, layout_loops_ring,
          chequers_ecumenical_altar_island
D:2:      layout_basic
D:3:      minmay_chambers_of_threes, layout_basic,
          grunt_temple_overflow_champion_of_chaos, grunt_temple_overflow_open,
          serial_shops, nicolae_shop_bloodbath_and_beyond, uniq_sigmund,
          uniq_grinder
D:4:      layout_basic, minmay_temple_entry_trees, serial_shops,
          kennysheep_little_box, nicolae_stop_n_shop_2,
          nicolae_inconvenience_store
D:5:      layout_basic, kennysheep_generic_room_2, uniq_prince_ribbit1
Temple:   dpeg_three_leaves_temple

Skill      XL: |  1  2  3  4  5  6 |
---------------+-------------------+-----
Fighting       | 4 5 |  5.6
Armour         | 4 5 |  5.5
Shields        | 4 5 |  5.6
Maces & Flails | 3 4 |  4.4

Action                     |  1- 3 |  4- 6 |  7- 9 || total
---------------------------+-------+-------+-------++-------
  Melee: Flail             |   192 |    94 |    97 ||   383
    Use: Scroll            |       |       |     1 ||     1
 Armour: Scale mail        |   114 |    69 |    16 ||   199
         Chain mail        |       |       |    55 ||    55
  Dodge: Dodged            |    85 |    41 |    29 ||   155
  Block: Buckler           |    39 |    19 |    32 ||    90

Table legend: (Time is in decaauts)
 A = Elapsed time spent in this place.
 B = Non-inter-level travel time spent in this place.
 C = Inter-level travel time spent in this place.
 D = Time resting spent in this place.
 E = Time spent auto-exploring this place.
 F = Levels seen in this place.
 G = Mean time per level.
                   A        B        C        D        E       F      G
               +--------+--------+--------+--------+--------+-----+--------+
         Total |   4780 |   4359 |    421 |    273 |   3189 |   6 |  796.7 |
       Dungeon |   4702 |   4293 |    409 |    273 |   3140 |   5 |  940.4 |
        Temple |     78 |     66 |     12 |      0 |     49 |   1 |   78.0 |
               +--------+--------+--------+--------+--------+-----+--------+

Top non-repeatable levels by time:
     D:3: 1323 daAuts
     D:4: 1175 daAuts
     D:1: 972 daAuts
     D:2: 790 daAuts
     D:5: 439 daAuts
  Temple: 78 daAuts
